cohdb
Replays
Latest Replays
All Replays
Popular Replays
Top Player Replays
Match Explorer
How It Works
Community
CoH3 Stats
Reddit
Sign in to upload your games and track your stats! →
Sign in with Steam
Match 46105896
Unlisted
Match 46105896
Overview
Messages
Build Orders
End
Panzergrenadier Squad
Kradschützen Motorcycle Team
Panzergrenadier Squad
Construct Light Support Kompanie
Selects Italian Infantry
Assault Grenadier Squad
Fire Support Elements
Selects Guastatori Squad
Guastatori Squad
Panzerpioneer Squad
Selects Defensive Operations
Pak 38 Mechanized Group
Forward Retreat Point
2.5-tonne Medical Truck
Construct Panzerarmee Kommand
Selects Prepared Positions
Panzer III L Medium Tank
Antler
Karta
NEMA
Don Pitudo
fafuna
Erdmut
0
0
Comments
sign in to comment!
No comments posted yet!